 Dungeon Crawl Stone Soup version 0.26.1-11-gd32895ea62 (webtiles) character file.

Game seed: 14758861063392488122

212544 RepoMan the Imperceptible (level 19, -25/116 HPs)
             Began as a Kobold Delver on July 24, 2021.
             Was the Champion of Wu Jian.
             Killed from afar by a deep elf annihilator (55 damage)
             ... with a crystal spear
             ... on level 3 of the Elven Halls on July 25, 2021.
             The game lasted 08:30:49 (23427 turns).

RepoMan the Imperceptible (Kobold Delver)          Turns: 23427, Time: 08:30:49

Health: -25/116    AC: 12    Str: 11    XL:     19   Next: 65%
Magic:  28/28      EV: 30    Int: 24    God:    Wu Jian [******]
Gold:   549        SH: 14    Dex: 23    Spells: 3/30 levels left

rFire    + + .     SeeInvis +   s - +8 whip "Snakebite" {curare, rPois}
rCold    . . .     Faith    .   j - +2 buckler
rNeg     + + .     Spirit   .   p - +3 steam dragon scales
rPois    +         Reflect  +   J - +0 hat "Arruix" {*Drain rElec rF+}
rElec    +         Harm     .   B - +2 cloak of the Thief {*Fog Slay-2 SInv Stlth+}
rCorr    .         Rampage  .   (no gloves)
Will     +....                  l - +0 pair of boots Stlth **++++++++
                                Q - amulet of reflection
HPRegen  0.29/turn              M - ring "Wuecsoto" {rF+ rN+ Int+10 Slay+2 Stlth+}
MPRegen  0.21/turn              b - ring of Doym {rPois rN+ Int+3 SInv}

@: about to teleport, studying 2 skills
A: small, nightstalker 3
}: 1/15 runes: decaying
a: Renounce Religion, Wall Jump, Serpent's Lash, Heavenly Storm


You were on level 3 of the Elven Halls.
You worshipped Wu Jian.
Wu Jian was exalted by your worship.
You visited 7 branches of the dungeon, and saw 28 of its levels.
You visited the Abyss 1 time.
You also visited: Gauntlet and Ice Cave.

You collected 6019 gold pieces.
You spent 5470 gold pieces at shops.

Inventory:

Hand Weapons
 d - a +8 dagger
 h - a +0 dagger of holy wrath
 s - the +8 whip "Snakebite" (weapon) {curare, rPois}
   (You found it on level 1 of the Lair of Beasts)

   It poisons the flesh of those it strikes.
   It protects you from poison.
 I - a +0 quick blade of flaming
Armour
 j - a +2 buckler (worn)
 l - a +0 pair of boots (worn)
 n - a +1 robe of resistance
 p - +3 steam dragon scales (worn)
 B - the +2 cloak of the Thief (worn) {*Fog Slay-2 SInv Stlth+}
   (You found it in a Gauntlet)

   It affects your accuracy and damage with ranged weapons and melee attacks
   (-2).
   It lets you see invisible.
   It makes you more stealthy.
 J - the +0 hat "Arruix" (worn) {*Drain rElec rF+}
   (You acquired it on level 2 of the Orcish Mines)

   It protects you from fire.
   It insulates you from electricity.
   It causes draining when unequipped.
 V - a +0 kite shield of reflection
Jewellery
 b - a ring of Doym (right hand) {rPois rN+ Int+3 SInv}
   (You found it in a Gauntlet)

   [ring of see invisible]

   It affects your intelligence (+3).
   It protects you from poison.
   It protects you from negative energy.
   It lets you see invisible.
 u - the ring of the Mage {Wiz Will++ Int+3}
   (You bought it in a shop on level 2 of the Orcish Mines)

   [ring of wizardry]

   It improves your spell success rate.
   It affects your intelligence (+3).
   It affects your willpower, your defense against some magical effects.
 M - the ring "Wuecsoto" (left hand) {rF+ rN+ Int+10 Slay+2 Stlth+}
   (You bought it in a shop on level 1 of the Elven Halls)

   [ring of stealth]

   It affects your intelligence (+10).
   It affects your accuracy and damage with ranged weapons and melee attacks
   (+2).
   It protects you from fire.
   It protects you from negative energy.
   It makes you more stealthy.
 Q - an amulet of reflection (around neck)
Wands
 g - a wand of digging (8)
 A - a wand of flame (10)
 D - a wand of paralysis (36)
 E - a wand of polymorph (8)
 K - a wand of iceblast (21)
 P - a wand of disintegration (19)
Scrolls
 c - 6 scrolls of fog
 i - 10 scrolls of identify
 k - a scroll of amnesia
 q - a scroll of summoning
 w - 2 scrolls of immolation
 F - 4 scrolls of magic mapping
 O - 11 scrolls of teleportation
 U - 5 scrolls of remove curse
 Y - 2 scrolls of vulnerability
Potions
 a - 4 potions of resistance
 e - 5 potions of brilliance
 f - 3 potions of haste
 m - 4 potions of mutation
 r - 5 potions of flight
 v - 9 potions of curing
 z - 2 potions of magic
 C - a potion of invisibility
 G - 2 potions of cancellation
 H - 5 potions of ambrosia
Books
 o - a manual of Hexes
 x - a manual of Long Blades


   Skills:
 - Level 12.0 Fighting
 + Level 12.4 Short Blades
 + Level 11.8 Maces & Flails
 + Level 15.0 Dodging
 * Level 23.2 Stealth
 - Level 4.0 Shields
 - Level 6.3 Spellcasting
 + Level 16.5 Hexes
 - Level 3.5 Translocations


You had 3 spell levels left.
You knew the following spells:

 Your Spells              Type           Power        Failure   Level
a - Corona                Hex            80%          0%          1
b - Blink                 Tloc           N/A          3%          2
c - Confusing Touch       Hex            72%          1%          3
d - Dazzling Flash        Conj/Hex       94%          1%          3
f - Cause Fear            Hex            36%          1%          4
g - Apportation           Tloc           48%          1%          1
i - Invisibility          Hex            72%          1%          6
s - Slow                  Hex            72%          0%          2
t - Tukima's Dance        Hex            72%          1%          3
z - Ensorcelled Hibernat  Hex/Ice        94%          1%          2

Your spell library contained the following spells:

 Spells                   Type           Power        Failure   Level
 Inner Flame              Hex/Fire       47%          1%          3
 Portal Projectile        Hex/Tloc       100%         1%          3
 Gell's Gravitas          Tloc           12%          6%          3
 Lesser Beckoning         Tloc           12%          6%          3
 Animate Skeleton         Necr           14%          9%          1
 Beastly Appendage        Tmut           14%          9%          1
 Magic Dart               Conj           28%          9%          1
 Summon Small Mammal      Summ           28%          9%          1
 Call Imp                 Summ           7%           13%         2
 Wereblood                Tmut           7%           13%         2
 Conjure Flame            Conj/Fire      7%           26%         3
 Mephitic Cloud           Conj/Pois/Air  7%           26%         3
 Spider Form              Tmut/Pois      3%           26%         3
 Leda's Liquefaction      Hex/Erth       23%          3%          4
 Metabolic Englaciation   Hex/Ice        23%          9%          5
 Yara's Violent Unravell  Hex/Tmut       23%          9%          5
 Animate Dead             Necr           3%           65%         4
 Ice Form                 Ice/Tmut       7%           65%         4
 Petrify                  Tmut/Erth      7%           65%         4
 Alistair's Intoxication  Tmut/Pois      4%           94%         5
 Blade Hands              Tmut           3%           94%         5
 Borgnjor's Vile Clutch   Necr/Erth      3%           94%         5
 Death Channel            Necr           3%           100%        6
 Freezing Cloud           Conj/Ice/Air   3%           100%        6
 Ozocubu's Refrigeration  Ice            3%           100%        6
 Simulacrum               Ice/Necr       3%           100%        6


Dungeon Overview and Level Annotations

Branches:
Dungeon (13/15)            Temple (1/1) D:5            Lair (6/6) D:10
  Swamp (4/4) Lair:2       Spider (1/4) Lair:4        Slime (0/5) Lair:5
    Orc (2/2) D:12            Elf (3/3) Orc:2         IceCv (visited)
Gauntlet (visited)
 Vaults: D:13-14

Altars:
Ashenzari
Cheibriados
Dithmenos
Elyvilon
Fedhas
Hepliaklqana
Makhleb
Nemelex Xobeh
Ru
Sif Muna
Uskayaw
Vehumet
Wu Jian
Xom
Yredelemnul
Zin
The Shining One
Beogh

Shops:
D:12 *[==[   D:13 !   Orc:2 (=?=*   Elf:1 =}=   Elf:3 :***

Annotations:
Spider:1 Aizul
Elf:2 3 runed translucent doors
Elf:3 1 runed translucent door, Elvor's ghost, veteran GnWr


Innate Abilities, Weirdness & Mutations

You are small and have problems with some larger weapons.
You are completely attuned to the shadows.


Message History

The deep elf annihilator is empowered by the deep elf high priest's aura!
The deep elf sorcerer casts a spell.
The deep elf sorcerer seems to speed up.
The deep elf annihilator gestures wildly while chanting.
The deep elf annihilator blinks!
Unknown command.
As you read the scroll of teleportation, it crumbles to dust.
You feel strangely unstable.
You feel less exhausted.
You block the deep elf annihilator's attack.
Unknown command.
You spin and attack the deep elf annihilator repeatedly.
You whack the deep elf annihilator!
The deep elf annihilator is poisoned.
The deep elf annihilator is lightly wounded.
You whack the deep elf annihilator!
The deep elf annihilator looks as sick as possible!
The deep elf annihilator is moderately wounded.
The deep elf annihilator gestures at you while chanting.
The crystal spear hits you!!!
You die...

####,,,,,* *,,,*,,,*****##....
#,,,,,,,,** **,,,*,,,*,,,,......
,,,,,,,,,,****,,⌠,+,,,*,****##...
,,,,,,,,,,,,,,,,,,*****,* #...
,,,****,,,,,,,,####..,,,***####..
,,** **,,,,,###......**#,,......
,,* *,,,,##....e...# #.####''#
,,* *,,,,#.....#...# #.#......
,,** **,,,*#...@e.#e.# #.#..####
,,,****,,,,*....#e#.e.# #.#..#..#
,,,,,,,,,,,*....##..!.# #,#..'..'
,,,,,,,,,,**...#*#...## #.#..'..'
,,,,,,,,,,#....**....# #.#..#..#
,***,,,,,,#...**#....# #.#).####
,,,****,,,#§§###....#* #.#......
*,,,,,**###§1§#§....* #.####)'#
,**,,,,,.ee§§e§§...#* #....(..(


You could see a deep elf annihilator (empowered, extremely poisoned), a deep elf
death mage (empowered), a deep elf sorcerer (fast, empowered) and a deep elf
high priest (brilliance aura).

Vanquished Creatures
  the Lernaean hydra (Swamp:4)
  A sphinx (D:13)
  Frances (D:12)
  A storm dragon (D:13)
  Donald (Orc:2)
  4 deep elf sorcerers
  2 orc warlords (Orc:2)
  A deep elf elementalist (Elf:3)
  A stone giant (D:13)
  2 green draconians (Swamp:1)
  The ghost of Fifowuza the Grappler, a journeyman DrTm of Wu Jian (Lair:4)
  Nessos (D:12)
  A deep elf demonologist (Elf:3)
  Azrael (D:12)
  3 bunyips
  4 deep elf annihilators
  A deep elf death mage (Elf:3)
  6 eleionomae
  An ettin (D:13)
  Snorg (Orc:1)
  2 deep elf high priests (Elf:3)
  A yaktaur captain (D:10)
  4 ogre magi (Orc:2)
  3 ghost crabs
  3 boulder beetles
  24 hydras
  4 centaur warriors
  19 two-headed ogres
  7 dancing weapons
  6 death yaks
  A deep troll earth mage (D:13)
  3 tengu warriors
  10 alligators
  Sonja (Lair:5)
  A sun demon (Abyss:3)
  An orc high priest (Orc:2)
  12 deep elf knights
  2 fire crabs (Lair:5)
  8 goliath frogs
  A wizard (Elf:1)
  8 deep elf archers
  3 bog bodies
  6 spriggan druids
  2 unseen horrors
  12 swamp dragons
  Pikel (D:7)
  4 orc knights
  49 deep elf magi
  2 ugly things (D:11)
  6 orc sorcerers
  2 manticores (D:12)
  2 cyclopes
  2 will-o-the-wisps
  17 elephants
  10 black mambas
  2 gargoyles
  3 torpor snails
  A smoke demon (Gauntlet)
  A rust devil (Gauntlet)
  6 rime drakes
  9 cane toads
  A hellion (Abyss:3)
  An efreet (D:13)
  5 komodo dragons
  A queen bee (Lair:4)
  5 tyrant leeches
  6 polar bears (Lair:6)
  10 hornets
  2 bloated husks
  6 trolls
  Prince Ribbit (D:7)
  2 meliai (Lair:4)
  9 dream sheep
  A raiju (Abyss:3)
  4 blink frogs (Lair:6)
  12 slime creatures
  A meliai zombie (D:12)
  A tarantella (shapeshifter) (Elf:2)
  An air elemental (Elf:2)
  5 redbacks
  A wraith (D:13)
  18 spriggans
  6 tarantellas (Spider:1)
  5 water elementals
  9 wyverns
  A vampire (D:9)
  A ynoxinul (Gauntlet)
  33 yaks
  4 fire elementals
  5 basilisks
  2 steam dragons
  7 vampire mosquitoes
  16 swamp worms
  9 wargs
  22 water moccasins
  6 hell hounds (D:12)
  A soldier ant (D:13)
  8 swamp drakes
  3 eyes of draining
  33 orc warriors
  2 sky beasts
  A black bear (shapeshifter) (Elf:3)
  3 ice beasts
  A necrophage (D:13)
  3 phantoms
  3 black bears (Lair:6)
  32 ogres
  5 boggarts
  39 wolves
  7 centaurs
  A big kobold (D:9)
  22 bullfrogs
  2 earth elementals
  A water moccasin zombie (D:10)
  2 scorpions
  A water moccasin skeleton (D:5)
  11 killer bees
  30 wights
  2 electric eels (D:13)
  2 howler monkeys
  3 crimson imps (Gauntlet)
  2 bullfrog zombies
  3 hounds
  4 jellies
  27 orc wizards
  A quasit (D:5)
  Crazy Yiuf (D:4)
  A bullfrog skeleton (D:9)
  17 orc priests
  4 centaur skeletons
  5 centaur zombies
  2 iron imps (Gauntlet)
  7 iguanas
  14 worker ants
  A killer bee zombie (D:5)
  2 hound zombies
  A howler monkey skeleton (D:5)
  A river rat (D:5)
  8 adders
  3 shadow imps
  2 white imps
  2 ufetubi
  An ooze (D:4)
  2 adder zombies
  A worm (D:4)
  7 leopard geckos
  99 orcs
  A ball python (D:5)
  8 giant cockroaches
  6 jackals
  5 quokkas
  5 frilled lizards
  5 kobolds (D:9)
  A leopard gecko skeleton (D:5)
  3 rats (D:5)
985 creatures vanquished.

Vanquished Creatures (collateral kills)
  A thorn hunter (Swamp:2)
  A will-o-the-wisp (Swamp:4)
2 creatures vanquished.

Vanquished Creatures (others)
  A manticore (D:13)
  A bloated husk (Swamp:4)
  A spriggan (Swamp:4)
  4 white imps (IceCv)
  3 ufetubi (IceCv)
  An orc (Orc:2)
  20 fungi
  53 plants
  2 starspawn tentacles (Abyss:3)
86 creatures vanquished.

Grand Total: 1073 creatures vanquished

Notes
Turn   | Place    | Note
-------+----------+-------------------------------------------
     0 | D:5      | RepoMan the Kobold Delver began the quest for the Orb.
     0 | D:5      | Reached XP level 1. HP: 14/14 MP: 1/1
    19 | D:5      | Found a basalt altar of Yredelemnul.
    42 | D:5      | Noticed a worker ant
    46 | D:5      | Found a staircase to the Ecumenical Temple.
    52 | Temple   | Entered the Ecumenical Temple
    70 | Temple   | Became a worshipper of the Wu Jian Council
   339 | D:4      | Noticed a worker ant
   342 | D:4      | Killed a worker ant
   343 | D:4      | Reached skill level 7 in Stealth
   343 | D:4      | Reached XP level 2. HP: 19/19 MP: 2/2
   343 | D:4      | Reached XP level 3. HP: 23/23 MP: 3/3
   371 | D:4      | Found a runed translucent door.
   374 | D:4      | Noticed Crazy Yiuf
   378 | D:4      | Killed Crazy Yiuf
   379 | D:4      | Reached XP level 4. HP: 29/29 MP: 4/4
   505 | D:4      | Found a sacrificial altar of Ru.
   545 | D:4      | Reached XP level 5. HP: 33/33 MP: 5/5
   696 | D:4      | Reached skill level 8 in Stealth
  1086 | D:4      | Reached XP level 6. HP: 38/38 MP: 6/6
  1376 | D:5      | Reached * piety under Wu Jian
  1669 | D:5      | Found a radiant altar of Vehumet.
  1750 | D:5      | Reached skill level 9 in Stealth
  1750 | D:5      | Reached XP level 7. HP: 43/44 MP: 7/7
  1839 | D:5      | Reached skill level 5 in Short Blades
  2255 | D:6      | Reached skill level 5 in Fighting
  2273 | D:6      | Reached skill level 5 in Dodging
  2273 | D:6      | Reached XP level 8. HP: 49/49 MP: 8/8
  2298 | D:6      | Reached skill level 10 in Stealth
  2310 | D:6      | Found a blossoming altar of Fedhas.
  2779 | D:6      | Found a white marble altar of Elyvilon.
  2837 | D:6      | Learned a level 2 spell: Ensorcelled Hibernation
  2921 | D:6      | Reached skill level 1 in Hexes
  3270 | D:7      | Reached skill level 1 in Spellcasting
  3394 | D:7      | Reached skill level 1 in Shields
  3413 | D:7      | Reached ** piety under Wu Jian
  3453 | D:7      | Noticed Prince Ribbit
  3457 | D:7      | Killed Prince Ribbit
  3458 | D:7      | Reached XP level 9. HP: 55/55 MP: 11/11
  3889 | D:7      | Found a glowing golden altar of the Shining One.
  3899 | D:7      | Noticed Pikel
  3902 | D:7      | Killed Pikel
  3959 | D:7      | Learned a level 3 spell: Confusing Touch
  3961 | D:7      | Learned a level 1 spell: Corona
  3965 | D:7      | Learned a level 3 spell: Tukima's Dance
  4068 | D:8      | Found a white marble altar of Elyvilon.
  4115 | D:8      | Reached skill level 11 in Stealth
  4199 | D:8      | Noticed a cyclops
  4242 | D:8      | Noticed a two-headed ogre
  4280 | D:8      | Found a basalt altar of Yredelemnul.
  4370 | D:8      | Found Zin's Purification Station.
  4370 | D:8      | Found a glowing silver altar of Zin.
  4377 | D:8      | Bought a potion of curing for 90 gold pieces
  4438 | D:8      | Noticed a two-headed ogre
  4441 | D:8      | Killed a two-headed ogre
  4442 | D:8      | Reached XP level 10. HP: 61/61 MP: 13/15
  4462 | D:8      | Killed a two-headed ogre
  4463 | D:8      | Reached skill level 12 in Stealth
  4903 | D:9      | Learned a level 2 spell: Blink
  4906 | D:9      | Learned a level 2 spell: Slow
  5080 | D:9      | Reached skill level 5 in Hexes
  5119 | D:9      | Noticed a two-headed ogre
  5122 | D:9      | Killed a two-headed ogre
  5123 | D:9      | Reached skill level 1 in Translocations
  5134 | D:9      | Reached XP level 11. HP: 67/67 MP: 17/17
  5216 | D:9      | Found a shadowy altar of Dithmenos.
  5414 | D:10     | Entered Level 10 of the Dungeon
  5432 | D:10     | Reached *** piety under Wu Jian
  5669 | D:10     | Found a staircase to the Lair.
  5770 | D:10     | Reached skill level 13 in Stealth
  5819 | D:10     | Noticed a centaur warrior
  5821 | D:10     | Killed a centaur warrior
  5836 | D:10     | Noticed a centaur warrior
  5839 | D:10     | Killed a centaur warrior
  5841 | D:10     | Noticed a four-headed hydra
  5842 | D:10     | Killed a four-headed hydra
  5960 | D:10     | Learned a level 1 spell: Apportation
  5973 | D:10     | Noticed a tengu warrior
  5974 | D:10     | Noticed a cyclops
  5975 | D:10     | Killed a tengu warrior
  5975 | D:10     | Killed a cyclops
  5977 | D:10     | Got a tattered robe
  5981 | D:10     | Got a scorched hand axe
  6006 | D:10     | Reached XP level 12. HP: 55/75 MP: 14/18
  6295 | D:10     | Noticed a yaktaur captain
  6296 | D:10     | Killed a yaktaur captain
  6356 | D:10     | Reached skill level 10 in Short Blades
  6494 | D:10     | Identified the +2 robe "Adodeiv" {-Tele rElec rPois MP+9}
                  | (You found it on level 10 of the Dungeon)
  6495 | D:10     | Identified the +3 hand axe "Hell-Harrower" {vorpal, rN+++
                  | Str-3 Int-3 Dex+4} (You found it on level 10 of the
                  | Dungeon)
  6583 | Lair:1   | Entered Level 1 of the Lair of Beasts
  6766 | Lair:1   | Reached skill level 14 in Stealth
  6810 | Lair:1   | Reached **** piety under Wu Jian
  7662 | Lair:1   | Found the +8 whip "Snakebite" {curare, rPois}
  8296 | Lair:2   | Reached skill level 10 in Hexes
  8331 | Lair:2   | Found a staircase to the Swamp.
  8460 | Lair:2   | Noticed an eight-headed hydra
  8462 | Lair:2   | Killed an eight-headed hydra
  8462 | Lair:2   | Reached skill level 15 in Stealth
  8462 | Lair:2   | Reached XP level 13. HP: 80/80 MP: 19/19
  8478 | Lair:2   | Learned a level 6 spell: Invisibility
  8766 | Lair:2   | Noticed a five-headed hydra
  8768 | Lair:2   | Killed a five-headed hydra
  8768 | Lair:2   | Noticed a six-headed hydra
  8801 | Lair:2   | Killed a six-headed hydra
  8953 | Lair:3   | Found a gate leading to a gauntlet.
  8973 | Gauntlet | Entered a Gauntlet
  8978 | Gauntlet | Found a transporter.
  9012 | Gauntlet | Found a transporter.
  9068 | Gauntlet | Found a transporter.
  9068 | Gauntlet | Found a transporter.
  9075 | Gauntlet | Found a transporter.
  9075 | Gauntlet | Found a transporter.
  9154 | Gauntlet | Got a flickering jade ring
  9155 | Gauntlet | Identified a ring of Doym {rPois rN+ Int+3 SInv} (You found
                  | it in a Gauntlet)
  9201 | Gauntlet | Found a transporter.
  9231 | Gauntlet | Found a transporter.
  9245 | Gauntlet | Noticed a great orb of eyes
  9245 | Gauntlet | Found a transporter.
  9262 | Gauntlet | Noticed a minotaur
  9272 | Gauntlet | Found the +2 cloak of the Thief {*Fog Slay-2 SInv Stlth+}
  9300 | Gauntlet | Got a smoking kite shield
 10174 | Lair:4   | Reached skill level 1 in Maces & Flails
 10290 | Lair:4   | Found a transporter.
 10414 | Lair:4   | Reached skill level 16 in Stealth
 10573 | Lair:4   | Found a hole to the Spider Nest.
 10577 | Lair:4   | Reached ***** piety under Wu Jian
 10651 | Lair:4   | Found a transporter.
 10652 | Lair:4   | Noticed Fifowuza's ghost (journeyman DrTm)
 10681 | Lair:4   | Killed Fifowuza's ghost
 10898 | Lair:5   | Got an ivory falchion
 11000 | Lair:5   | Reached skill level 10 in Dodging
 11188 | Lair:5   | Found a staircase to the Slime Pits.
 11218 | Lair:5   | Noticed Sonja
 11220 | Lair:5   | Killed Sonja
 11454 | Lair:5   | Reached XP level 14. HP: 86/86 MP: 20/20
 11779 | Lair:5   | Reached skill level 5 in Maces & Flails
 11785 | Lair:5   | Got a scorched shortbow
 11844 | Lair:5   | Reached skill level 10 in Fighting
 12127 | Lair:5   | Identified the cursed +0 falchion of Subjectivity {drain,
                  | SInv} (You found it on level 5 of the Lair of Beasts)
 12160 | Lair:5   | Identified the cursed +0 kite shield of Noon {Str+5 Dex+2}
                  | (You found it in a Gauntlet)
 12197 | Lair:6   | Entered Level 6 of the Lair of Beasts
 12587 | Lair:6   | Reached skill level 17 in Stealth
 12832 | Lair:6   | Reached XP level 15. HP: 93/93 MP: 11/21
 14345 | D:11     | Reached ****** piety under Wu Jian
 14435 | D:11     | Reached skill level 18 in Stealth
 14507 | D:11     | Found a roughly hewn altar of Beogh.
 15037 | D:12     | Identified the +7 shortbow of Action {freeze, Fragile rPois
                  | rN+ Str+9} (You found it on level 5 of the Lair of Beasts)
 15070 | D:12     | Noticed Nessos
 15071 | D:12     | Noticed Frances
 15080 | D:12     | Found Wama's Antique Armour Shoppe.
 15090 | D:12     | Killed Frances
 15090 | D:12     | Killed Nessos
 15116 | D:12     | Bought a glowing scarf for 288 gold pieces
 15189 | D:12     | Found Sueviy Dutax's Jewellery Shoppe.
 15194 | D:12     | Bought a cursed -4 ring of strength for 28 gold pieces
 15216 | D:12     | Found Omeugog's Armour Boutique.
 15255 | D:12     | Found Onweqilo's General Store.
 15260 | D:12     | Bought a book of Debilitation for 520 gold pieces
 15351 | D:12     | Found a staircase to the Orcish Mines.
 15366 | D:12     | Noticed Azrael
 15366 | D:12     | Found Powisay's Jewellery Emporium.
 15367 | D:12     | Killed Azrael
 15551 | D:13     | Found Xoudwanoi's Distillery.
 15558 | D:13     | Bought a potion of degeneration for 15 gold pieces
 15558 | D:13     | Bought a potion of heal wounds for 75 gold pieces
 15558 | D:13     | Bought a potion of magic for 120 gold pieces
 15708 | D:13     | Reached XP level 16. HP: 90/100 MP: 10/22
 15776 | D:13     | Learned a level 3 spell: Dazzling Flash
 15784 | D:13     | Noticed a storm dragon
 15785 | D:13     | Killed a storm dragon
 15835 | D:13     | Noticed a sphinx
 15850 | D:13     | Killed a sphinx
 16071 | D:13     | Found a glowing golden altar of the Shining One.
 16090 | D:13     | Reached skill level 5 in Spellcasting
 16244 | D:12     | Reached skill level 19 in Stealth
 16301 | D:12     | Found a shadowy altar of Dithmenos.
 16384 | D:12     | Found a roughly hewn altar of Beogh.
 16398 | D:12     | Identified 3 scrolls of acquirement
 16398 | D:12     | Acquired 918 gold pieces
 16430 | Orc:1    | Entered Level 1 of the Orcish Mines
 16476 | Orc:1    | Noticed Snorg
 16498 | Orc:1    | Killed Snorg
 16790 | Orc:2    | Entered Level 2 of the Orcish Mines
 16790 | Orc:2    | Found a roughly hewn altar of Beogh.
 16846 | Orc:2    | Found Ecadej's Weapon Emporium.
 16994 | Orc:2    | Noticed Donald
 16996 | Orc:2    | Killed Donald
 17092 | Orc:2    | Found a staircase to the Elven Halls.
 17565 | Orc:2    | Reached XP level 17. HP: 88/106 MP: 19/25
 17608 | Orc:2    | Found Oroca's Jewellery Emporium.
 17608 | Orc:2    | Found Bopag's Jewellery Boutique.
 17609 | Orc:2    | Found Jyroeth's Magic Scroll Emporium.
 17609 | Orc:2    | Found Jixtus's Assorted Antiques.
 17615 | Orc:2    | Bought a cursed -4 ring of intelligence for 32 gold pieces
 17617 | Orc:2    | Bought a scroll of identify for 60 gold pieces
 17618 | Orc:2    | Bought a scroll of remove curse for 45 gold pieces
 17618 | Orc:2    | Bought a scroll of identify for 30 gold pieces
 17618 | Orc:2    | Bought a scroll of fear for 52 gold pieces
 17618 | Orc:2    | Bought a scroll of blinking for 112 gold pieces
 17618 | Orc:2    | Bought a scroll of identify for 30 gold pieces
 17635 | Orc:2    | Bought a scroll of teleportation for 45 gold pieces
 17635 | Orc:2    | Bought 3 scrolls of summoning for 427 gold pieces
 17635 | Orc:2    | Bought a scroll of acquirement for 780 gold pieces
 17653 | Orc:2    | Acquired a manual of Hexes
 17660 | Orc:2    | Learned a level 4 spell: Cause Fear
 17662 | Orc:2    | Acquired 1227 gold pieces
 17664 | Orc:2    | Acquired the +0 hat "Arruix" {*Drain rElec rF+}
 17805 | Orc:2    | Found a runed translucent door.
 17834 | Orc:2    | Paralysed by an orc sorcerer for 4 turns
 17987 | Orc:2    | Found a roughly hewn altar of Beogh.
 18059 | Orc:2    | Bought the ring of the Mage {Wiz Will++ Int+3} for 827 gold
                  | pieces
 18059 | Orc:2    | Found the ring of the Mage {Wiz Will++ Int+3}
 18289 | Spider:1 | Entered Level 1 of the Spider Nest
 18371 | Spider:1 | Noticed Aizul
 18500 | Swamp:1  | Entered Level 1 of the Swamp
 18519 | Swamp:1  | Reached skill level 10 in Maces & Flails
 18565 | Swamp:1  | Reached skill level 20 in Stealth
 19303 | Swamp:2  | Noticed a thorn hunter
 19324 | Swamp:2  | Killed a thorn hunter
 19714 | Swamp:3  | Noticed a thorn hunter
 19906 | Swamp:3  | Reached XP level 18. HP: 96/112 MP: 27/27
 20019 | Swamp:4  | Entered Level 4 of the Swamp
 20020 | Swamp:4  | Acquired 751 gold pieces
 20029 | Swamp:4  | Reached skill level 21 in Stealth
 20087 | Swamp:4  | Found a frozen archway.
 20136 | IceCv    | Entered an ice cave
 20342 | Swamp:4  | Got a bloodstained leather armour
 20350 | Swamp:4  | Identified the +1 leather armour of Indemnity {rF- rN+++
                  | SInv Stlth+} (You found it on level 4 of the Swamp)
 20517 | Swamp:4  | Reached skill level 15 in Hexes
 20603 | Swamp:4  | Noticed the 27-headed Lernaean hydra
 20623 | Swamp:4  | Killed the 27-headed Lernaean hydra
 20805 | Swamp:4  | Got a decaying rune of Zot
 21066 | Elf:1    | Entered Level 1 of the Elven Halls
 21193 | Elf:1    | Reached skill level 22 in Stealth
 21581 | Elf:1    | Found Qaudiof's Jewellery Shoppe.
 21581 | Elf:1    | Found Qosoeh's Jewellery Shoppe.
 21582 | Elf:1    | Found Allog's Gadget Shop.
 21593 | Elf:1    | Bought the ring "Wuecsoto" {rF+ rN+ Int+10 Slay+2 Stlth+}
                  | for 781 gold pieces
 21600 | Elf:1    | Bought a cursed amulet of inaccuracy for 26 gold pieces
 21760 | Elf:2    | Found a runed translucent gate.
 21760 | Elf:2    | Found a runed translucent gate.
 21761 | Elf:2    | Found a runed translucent gate.
 21840 | Elf:2    | Reached XP level 19. HP: 105/116 MP: 28/28
 22179 | Elf:3    | Entered Level 3 of the Elven Halls
 22279 | Elf:3    | Found Ynasown's Assorted Antiques.
 22283 | Elf:3    | Found Jooqud's Assorted Antiques.
 22283 | Elf:3    | Found Dokouxip's Assorted Antiques.
 22286 | Elf:3    | Found Narene's Book Boutique.
 22294 | Elf:3    | Bought 3 scrolls of identify for 174 gold pieces
 22294 | Elf:3    | Bought a scroll of identify for 58 gold pieces
 22294 | Elf:3    | Bought a potion of curing for 87 gold pieces
 22294 | Elf:3    | Bought 2 potions of curing for 174 gold pieces
 22297 | Elf:3    | Bought a scroll of blinking for 262 gold pieces
 22297 | Elf:3    | Bought a pair of masterwork gloves for 332 gold pieces
 22297 | Elf:3    | Identified the +1 pair of gloves "Xamotiv" {*Contam Harm
                  | rN+ Regen+} (You bought it in a shop on level 3 of the
                  | Elven Halls)
 22685 | Elf:3    | Found a runed translucent door.
 22687 | Elf:3    | Noticed Elvor's ghost (veteran GnWr)
 22739 | Elf:3    | Reached skill level 23 in Stealth
 22814 | Elf:3    | Cast into level 3 of the Abyss (a ghostly deep elf
                  | sorcerer)
 23229 | Elf:3    | Escaped the Abyss
 23383 | Elf:3    | Reached skill level 15 in Dodging
 23419 | Elf:3    | Noticed a Hell Sentinel
 23423 | Elf:3    | HP: 5/116 [deep elf high priest/damnation (33)]
 23427 | Elf:3    | Killed from afar by a deep elf annihilator

Illustrated notes

Levels and vault maps discovered:
D:3:      cheibrodos_helix_gallery, layout_loops_ring, serial_forest,
          infiniplex_forest_end_2, infiniplex_forest_lined_room_2,
          infiniplex_forest_lined_room_2, infiniplex_forest_corner_2,
          infiniplex_forest_lined_4_way, infiniplex_forest_straight_1,
          infiniplex_forest_lined_corner, infiniplex_forest_lined_2,
          kennysheep_slug_shrine
D:4:      layout_basic, nicolae_ru_path_of_blood,
          nicolae_ossuary_entry_monument, uniq_crazy_yiuf_cottage
D:5:      layout_basic, grunt_temple_overflow_open, minmay_temple_entry_waves,
          portal_sewer_entry_c
D:6:      wander_river, layout_loops_ring, basic_altar, fedhas_altar_4
D:7:      layout_loops_ring, general_overflow_altar, st_stairs_4,
          kennysheep_generic_room_14, uniq_pikel, uniq_prince_ribbit1
D:8:      hangedman_cross_stitches, layout_cave_pools, elyvilon_altar_4,
          zin_purify, basic_altar
D:9:      layout_basic, nicolae_dithmenos_the_darkroom, minmay_shattered_shrine
D:10:     minmay_the_grid_octo_tiled_squarecenter [minmay_the_grid_octo_teeth,
          minmay_the_grid_octo_concentric, minmay_the_grid_octo_chip,
          minmay_the_grid_octo_clover,
          minmay_the_grid_square_5x5_megaprize_open,
          minmay_the_grid_square_5x5_three_walls,
          minmay_the_grid_square_5x5_minivault, minmay_the_grid_square_5x5_meh,
          minmay_the_grid_square_5x5_inset], layout_basic,
          erik_lair_orcish_takeover, kennysheep_just_a_vault
D:11:     layout_loops_corners, special_room [special_room_orc]
D:12:     layout_big_octagon, minmay_orc_entry_temple_small, serial_shops, shop,
          kennysheep_little_box, shop, shop, nicolae_shop_trees, basic_altar,
          uniq_frances, uniq_azrael, uniq_nessos
D:13:     lemuel_traditional_vault, layout_rooms, serial_shops, shop,
          tso_metal_star
Temple:   zaba_magenta_temple
Lair:1:   minmay_guarded_unrand_snakebite, layout_cave_pods,
          minmay_stone_trees_small, st_stairs_3, columned_hall_lemuel
Lair:2:   layout_hall_layers, swamp_mist, minmay_hedge_maze, st_stairs_10,
          grunt_megastairs_1
Lair:3:   layout_regular_city, gauntlet_entry_generic, grunt_megastairs_2
Lair:4:   layout_regular_city, nicolae_spider_entry_non_spiders,
          gammafunk_ghost_hive
Lair:5:   nzn_winding_woodlands_huge [nzn_winding_woodlands_5x15_pockets,
          nzn_winding_woodlands_5x15_twine, nzn_winding_woodlands_5x15_pool,
          nzn_winding_woodlands_5x15_default,
          nzn_winding_woodlands_5x15_pathside_ponds,
          nzn_winding_woodlands_5x15_sidewinder,
          nzn_winding_woodlands_5x15_cabin, nzn_winding_woodlands_5x15_zeroes,
          nzn_winding_woodlands_5x15_default,
          nzn_winding_woodlands_5x15_default,
          nzn_winding_woodlands_center_diamonds,
          nzn_winding_woodlands_center_triple_pond,
          nzn_winding_woodlands_15x15_killbox], layout_gridlike,
          minmay_slime_entry_pillars, grunt_forest_small_clearings, uniq_sonja
Lair:6:   minmay_lair_end_enchanted_forest, layout_cave_pods,
          cheibrodos_lair_lostbears, grunt_megastairs_5
Swamp:1:  layout_basic_swamp, nicolae_swamp_round_clearing, swamp_pool2,
          nicolae_swamp_triple_paths, hangedman_swamp_dais
Swamp:2:  layout_basic_swamp, evilmike_swamp_ruin_house_3, swamp_pool4
Swamp:3:  layout_basic_swamp, nicolae_swamp_little_tower
Swamp:4:  swamp_old_school, layout_basic_swamp, portal_ice_cave_entry_pillars_2
Spider:1: layout_spider_delve, drop_trap, einodemon_crawler_minivault,
          uniq_aizul
Orc:1:    layout_diamond_mine, uniq_snorg
Orc:2:    st_orc_ogre_mass, layout_caves, serial_shops, shop_statue,
          basic_altar, lightli_church_of_beogh, uniq_donald
Elf:1:    eino_elf_arrival_customs, layout_loops_ring, hangedman_elf_disciples,
          minmay_shop_grove
Elf:2:    layout_gridlike
Elf:3:    minmay_elf_hall_curves, layout_geoelf_diagonals,
          ebering_ghost_inner_flame, moated_statue, guppyfry_library_mini,
          minmay_shoptagon

Skill      XL: |  1  2  3  4  5  6  7  8  9 10 11 12 13 14 15 16 17 18 19 |
---------------+----------------------------------------------------------+-----
Short Blades   | 3 4 5 6 7 8 9 10 11 12 | 12.4
Stealth        | 7 8 9 10 11 12 13 15 16 17 18 19 20 22 23 | 23.2
Dodging        | 3 4 5 6 7 8 9 10 11 12 13 14 15 | 15.0
Fighting       | 4 5 6 7 8 9 10 11 12 | 12.0
Hexes          | 2 4 5 7 10 12 13 14 15 16 | 16.5
Spellcasting   | 1 3 4 5 6 |  6.3
Shields        | 1 2 3 4 |  4.0
Translocations | 1 3 |  3.5
Maces & Flails | 3 6 8 9 10 11 | 11.8

Action                   |  1- 3 |  4- 6 |  7- 9 | 10-12 | 13-15 | 16-18 | 19-21 || total
-------------------------+-------+-------+-------+-------+-------+-------+-------++-------
Melee: Dagger            |     2 |   109 |   156 |   399 |   583 |   735 |   146 ||  2130
       Short sword       |     1 |       |       |       |       |       |       ||     1
       Quarterstaff      |       |     4 |       |       |       |       |       ||     4
       Whip              |       |       |       |       |   349 |   358 |    77 ||   784
       Quick blade       |       |       |       |       |       |    24 |       ||    24
Throw: Throwing net      |       |       |       |       |     1 |     8 |       ||     9
       Dart              |       |       |       |       |     1 |       |       ||     1
 Cast: Confusing Touch   |       |       |     4 |    26 |    30 |    43 |    18 ||   121
       Ensorcelled Hiber |       |       |       |    25 |    56 |    60 |     3 ||   144
       Slow              |       |       |       |     1 |     2 |     3 |       ||     6
       Invisibility      |       |       |       |       |    14 |    21 |       ||    35
       Apportation       |       |       |       |       |     5 |    16 |     4 ||    25
       Blink             |       |       |       |       |     4 |     2 |       ||     6
       Dazzling Flash    |       |       |       |       |       |     9 |       ||     9
       Cause Fear        |       |       |       |       |       |     4 |       ||     4
Invok: Lunge             |     2 |    22 |    42 |    77 |   157 |   176 |    49 ||   525
       Whirlwind         |       |       |     8 |    44 |   187 |   274 |    30 ||   543
       Serpent's Lash    |       |       |       |     5 |    12 |    19 |    11 ||    47
 Abil: Wall Jump         |       |       |       |     3 |    19 |     8 |       ||    30
Evoke: Wand              |       |     3 |     4 |     3 |     7 |    37 |     1 ||    55
  Use: Potion            |     1 |       |       |     4 |     8 |    11 |     4 ||    28
       Scroll            |       |       |     1 |    22 |    19 |    34 |    14 ||    90
 Stab: Sleeping          |     3 |    15 |    35 |    73 |   163 |   126 |    44 ||   459
       Distracted        |       |     1 |     5 |     4 |     5 |     5 |       ||    20
       Paralysed         |       |     1 |       |     2 |       |       |       ||     3
       Confused          |       |       |     1 |    25 |    29 |    40 |    18 ||   113
       Invisible         |       |       |       |       |    63 |   158 |       ||   221
       Held in net/web   |       |       |       |       |     2 |     3 |       ||     5
       Fleeing           |       |       |       |       |     1 |       |       ||     1
Armor: Leather armour    |     1 |    10 |    10 |    10 |       |       |       ||    31
       Skin              |       |       |       |     5 |       |       |       ||     5
       Steam dragon scal |       |       |       |       |    46 |    26 |    12 ||    84
Dodge: Dodged            |     4 |    33 |    49 |   143 |   347 |   340 |    60 ||   976
Block: Buckler           |       |     2 |    21 |    75 |   210 |   291 |    46 ||   645
       Reflection        |       |       |       |       |     3 |    14 |     4 ||    21
